 Dungeon Crawl Stone Soup version 0.29.0-15-g675c0067aa (webtiles) character file.

Game seed: 8268137484405355993

11366 mtoz the Protected (level 11, -4/99 HPs)
             Began as a Minotaur Fighter on Sept 11, 2022.
             Was a High Priest of Okawaru.
             Slain by a 17-headed hydra (9 damage)
             ... on level 2 of the Lair of Beasts.
             The game lasted 00:40:24 (12019 turns).

mtoz the Protected (Minotaur Fighter)              Turns: 12019, Time: 00:40:25

Health: -4/99      AC: 38    Str: 30    XL:     11   Next: 48%
Magic:  14/14      EV:  7    Int:  2    God:    Okawaru [*****.]
Gold:   602        SH:  6    Dex:  8    Spells: 10/10 levels left

rFire   . . .      SeeInvis .   a - +0 war axe
rCold   + . .      Faith    .   c - +0 buckler
rNeg    + + +      Spirit   .   x - +8 crystal plate armour "Gurghes" {rPois rN+++ rCorr Int-2}
rPois   +          Reflect  .   (helmet restricted)
rElec   +          Harm     .   w - +2 cloak
rCorr   +          Rampage  .   m - +2 pair of gloves
Will    +....                   K - +2 pair of boots
Stlth   ..........              (no amulet)
HPRegen 0.26/turn               p - ring of Raeje {rElec rPois rC+}
MPRegen 0.14/turn               H - ring of willpower

@: no status effects
A: horns 2, retaliatory headbutt, strong 1
a: Renounce Religion, Heroism, Finesse, Duel


You were on level 2 of the Lair of Beasts.
You worshipped Okawaru.
Okawaru was extremely pleased with you.
You visited 3 branches of the dungeon, and saw 11 of its levels.

You collected 602 gold pieces.

Inventory:

Hand Weapons
 a - a +0 war axe (weapon)
 g - a +0 vorpal mace
 h - a +2 spear of distortion
 t - a +0 morningstar
 u - a +0 scimitar of flaming
 v - a +0 glaive
 y - a +2 hand axe of freezing
 B - a +0 glaive
 D - a +0 vorpal halberd
 L - a +0 battleaxe
Armour
 c - a +0 buckler (worn)
 m - a +2 pair of gloves (worn)
 w - a +2 cloak (worn)
 x - the +8 crystal plate armour "Gurghes" (worn) {rPois rN+++ rCorr Int-2}
   (Okawaru gifted it to you on level 1 of the Lair of Beasts)

   Int:       It affects your intelligence (-2).
   rPois:     It protects you from poison.
   rN:        It renders you almost immune to negative energy.
   rCorr:     It protects you from acid and corrosion.
 z - a +2 plate armour of poison resistance
 K - a +2 pair of boots (worn)
Jewellery
 p - the ring of Raeje (left hand) {rElec rPois rC+}
   (You acquired it on level 7 of the Dungeon)

   [ring of poison resistance]

   rC:        It protects you from cold.
   rElec:     It insulates you from electricity.
   rPois:     It protects you from poison.
 H - a ring of willpower (right hand)
Wands
 b - a wand of flame (21) (quivered)
 j - a wand of iceblast (5)
 I - a wand of paralysis (12)
Scrolls
 f - a scroll of fog
 i - a scroll of magic mapping
 l - 3 scrolls of amnesia
 n - 2 scrolls of poison
 q - a scroll of enchant weapon {unknown}
 s - a scroll of fear
 E - a scroll of identify
Potions
 d - a potion of might
 e - a potion of invisibility
 k - 4 potions of curing
 o - a potion of haste {unknown}
 r - 2 potions of attraction
 A - 5 potions of ambrosia


   Skills:
 * Level 9.9 Fighting
 * Level 9.7 Axes
 * Level 10.0 Armour
 - Level 5.0 Dodging
 * Level 9.9 Shields
 * Level 6.0 Invocations
 * Level 5.6 Evocations


You had 10 spell levels left.
You didn't know any spells.
Your spell library contained the following spells:

 Spells                   Type           Power      Damage    Failure   Level
 Slow                     Hex            0%         N/A       100%        1
 Confusing Touch          Hex            0%         N/A       100%        3
 Dazzling Flash           Conj/Hex       0%         N/A       100%        3
 Ignite Poison            Fire/Tmut/Pois 0%         N/A       100%        3
 Vampiric Draining        Necr           0%         2d6       100%        3
 Blade Hands              Tmut           0%         N/A       100%        5


Dungeon Overview and Level Annotations

Branches:
Dungeon (8/15)             Temple (1/1) D:5            Lair (2/5) D:8
  Swamp: Lair:2-3    Shoals: Lair:2-3     Snake: Lair:2-3    Spider: Lair:2-3

Altars:
Ashenzari
Dithmenos
Elyvilon
Fedhas
Gozag
Hepliaklqana
Makhleb
Nemelex Xobeh
Okawaru
Ru
Trog
Uskayaw
Vehumet
Wu Jian
Xom
Yredelemnul
Zin
The Shining One

Annotations:
D:3 2 transporters, sausages's ghost, amateur FoFi


Innate Abilities, Weirdness & Mutations

You have a pair of horns on your head.
You reflexively headbutt those who attack you in melee.
Your muscles are strong. (Str +4, Int/Dex -1)


Message History

The 15-headed hydra barely misses you.
The 15-headed hydra bites you but does no damage. x2
The 15-headed hydra closely misses you.
The 15-headed hydra bites you but does no damage.
You hack one of the 15-headed hydra's heads off!
The 14-headed hydra grows two more!
You hit the 16-headed hydra.
The 16-headed hydra is almost dead.
The water moccasin bites you but does no damage.
The 16-headed hydra bites you but does no damage. x4
The 16-headed hydra barely misses you.
The 16-headed hydra completely misses you.
The 16-headed hydra bites you but does no damage. x2
The 16-headed hydra barely misses you.
The 16-headed hydra completely misses you.
The 16-headed hydra bites you but does no damage. x4
The 16-headed hydra bites you.
* * * LOW HITPOINT WARNING * * *
The 16-headed hydra closely misses you.
Okay, then.
You slice one of the 16-headed hydra's heads off!
The 15-headed hydra grows two more!
You slash the 17-headed hydra!
The 17-headed hydra is almost dead.
You miss the water moccasin. The water moccasin closely misses you.
The 17-headed hydra bites you but does no damage.
The 17-headed hydra bites you.
* * * LOW HITPOINT WARNING * * *
The 17-headed hydra closely misses you. The 17-headed hydra bites you.
* * * LOW HITPOINT WARNING * * *
The 17-headed hydra closely misses you.
The 17-headed hydra bites you but does no damage.
The 17-headed hydra bites you.
* * * LOW HITPOINT WARNING * * *
You block the 17-headed hydra's attack.
The 17-headed hydra bites you but does no damage. x3
The 17-headed hydra bites you.
* * * LOW HITPOINT WARNING * * *
The 17-headed hydra barely misses you.
The 17-headed hydra bites you but does no damage.
The 17-headed hydra bites you!
You die...

### ####.# #...### .
#P....# .# #...### ...
##..# ...# ####
##...#######P...#
##P.####.P..............
#...............@S......
.................D......
#...............>.......
........................
#.......................
#...................>[..
#.......................
#............####P#...P#
.............#


You could see a 17-headed hydra and a water moccasin.

Vanquished Creatures
  Erica (Lair:1)
  A catoblepas (Lair:1)
  A black mamba (Lair:1)
  A cane toad (Lair:2)
  3 komodo dragons (Lair:2)
  A queen bee (Lair:1)
  Prince Ribbit (D:8)
  A polar bear (Lair:1)
  A hornet (D:8)
  2 dream sheep (Lair:1)
  5 blink frogs (Lair:1)
  5 yaks (D:8)
  Sigmund (D:2)
  2 wyverns
  8 water moccasins
  An ice beast (D:6)
  2 orc warriors
  2 sky beasts (D:7)
  2 black bears
  11 wolves
  A centaur (D:7)
  5 phantoms
  A kobold brigand (D:7)
  7 bullfrogs
  4 necrophages
  A gnoll sergeant (D:7)
  2 scorpions
  18 killer bees
  3 electric eels
  7 hounds
  4 orc priests
  3 iguanas
  8 orc wizards
  11 gnolls
  9 adders
  A shadow imp (D:7)
  3 white imps
  2 ufetubi (D:5)
  A worm (D:4)
  2 dart slugs (D:2)
  36 orcs
  5 endoplasms
  2 giant cockroaches
  5 goblins
  6 hobgoblins
  4 jackals (D:3)
  3 ball pythons (D:2)
  13 kobolds
  2 rats
221 creatures vanquished.

Vanquished Creatures (others)
  8 fungi
  10 plants
18 creatures vanquished.

Grand Total: 239 creatures vanquished

Notes
Turn   | Place    | Note
-------+----------+-------------------------------------------
     0 | D:1      | mtoz the Minotaur Fighter began the quest for the Orb.
     0 | D:1      | Reached XP level 1. HP: 19/19 MP: 0/0
   359 | D:1      | Reached XP level 2. HP: 27/27 MP: 1/1
   615 | D:2      | Noticed Sigmund
   631 | D:2      | Killed Sigmund
   632 | D:2      | Reached skill level 4 in Armour
   632 | D:2      | Reached skill level 1 in Dodging
   632 | D:2      | Reached XP level 3. HP: 28/34 MP: 2/2
   632 | D:2      | Reached XP level 4. HP: 33/41 MP: 3/3
   632 | D:2      | Reached XP level 5. HP: 38/47 MP: 4/4
  1447 | D:3      | Reached skill level 5 in Shields
  1672 | D:3      | Found a transporter.
  1777 | D:3      | Found a faded altar of an unknown god.
  1854 | D:3      | Noticed a black bear
  1861 | D:3      | Killed a black bear
  1862 | D:3      | Reached skill level 5 in Fighting
  1862 | D:3      | Reached skill level 5 in Armour
  1862 | D:3      | Reached XP level 6. HP: 48/56 MP: 5/5
  1916 | D:3      | Found a burning altar of Makhleb.
  1918 | D:3      | Noticed an Executioner
  1922 | D:3      | Noticed a smoke demon
  1922 | D:3      | Noticed a neqoxec
  2208 | D:3      | Noticed sausages's ghost (amateur FoFi)
  2209 | D:3      | Found a transporter.
  3399 | D:4      | Reached XP level 7. HP: 50/61 MP: 6/6
  3570 | D:4      | Gained mutation: Your muscles are strong. (Str +4, Int/Dex
                  | -1) [potion of mutation]
  3587 | D:5      | Entered Level 5 of the Dungeon
  3742 | D:5      | Reached skill level 5 in Axes
  3874 | D:5      | Reached skill level 6 in Armour
  4202 | D:5      | Found a staircase to the Ecumenical Temple.
  4472 | D:5      | Reached XP level 8. HP: 66/71 MP: 7/7
  4713 | Temple   | Entered the Ecumenical Temple
  4781 | Temple   | Became a worshipper of Warmaster Okawaru
  5379 | D:6      | Reached skill level 1 in Invocations
  5397 | D:6      | Reached skill level 1 in Evocations
  5662 | D:6      | Reached * piety under Okawaru
  5961 | D:6      | Reached skill level 7 in Armour
  6130 | D:6      | Got the Encyclopedia of the Amorphous Oath
  6353 | D:6      | Identified the +1 dagger "Ucotzuj" {vorpal, rF+ Str-2
                  | Int+6}
  6650 | D:7      | Reached XP level 9. HP: 43/79 MP: 9/9
  7108 | D:7      | Reached ** piety under Okawaru
  7731 | D:7      | Identified a scroll of acquirement
  7733 | D:7      | Acquired the ring of Raeje {rElec rPois rC+}
  8233 | D:8      | Reached skill level 8 in Armour
  8269 | D:8      | Reached *** piety under Okawaru
  8494 | D:8      | Paralysed by a hornet for 1 turns
  8501 | D:8      | Reached XP level 10. HP: 29/88 MP: 11/11
  8750 | D:8      | Found a staircase to the Lair.
  8759 | Lair:1   | Entered Level 1 of the Lair of Beasts
  8911 | D:8      | Noticed Prince Ribbit
  8935 | D:8      | Killed Prince Ribbit
  9865 | Lair:1   | Reached **** piety under Okawaru
  9970 | Lair:1   | Noticed Erica
  9976 | Lair:1   | Killed Erica
  9977 | Lair:1   | Reached skill level 9 in Armour
  9977 | Lair:1   | Reached skill level 5 in Dodging
 10152 | Lair:1   | Noticed a catoblepas
 10161 | Lair:1   | Killed a catoblepas
 10162 | Lair:1   | Reached skill level 5 in Invocations
 10215 | Lair:1   | You fall into a shaft and drop 1 floor!
 10226 | Lair:2   | Reached ***** piety under Okawaru
 10959 | Lair:2   | Noticed a black mamba
 10962 | Lair:2   | Noticed a cane toad
 10967 | Lair:1   | Killed a black mamba
 10967 | Lair:1   | Identified the +8 crystal plate armour "Gurghes" {rPois
                  | rN+++ rCorr Int-2} (Okawaru gifted it to you on level 1 of
                  | the Lair of Beasts)
 10967 | Lair:1   | Received a gift from Okawaru
 10968 | Lair:1   | Reached skill level 5 in Evocations
 10968 | Lair:1   | Reached XP level 11. HP: 97/97 MP: 13/13
 11922 | Lair:2   | Reached skill level 10 in Armour
 11999 | Lair:2   | Noticed a five-headed hydra
 12019 | Lair:2   | Slain by a 17-headed hydra

Illustrated notes

Levels and vault maps discovered:
D:1:      dpeg_arrival_orchard, layout_rooms
D:2:      layout_basic, serial_bayou_lake_a, uniq_sigmund
D:3:      layout_loops_corners, makhleb_altar_promises_db,
          gammafunk_ghost_mausoleum,
          hellmonk_ecumenical_altar_pennies_from_heaven
D:4:      layout_basic, dk_vineyard_3, minmay_fountain_box,
          nicolae_elevator_lobby_plus
D:5:      kennysheep_six_static_rooms, layout_layer_cave,
          minmay_temple_entry_enclosed_plants, serial_park_tiny_1,
          nicolae_kite_square_tiling_tiny, nrook_uturn
D:6:      layout_cave_pools, minmay_misc_feat_alley
D:7:      layout_basic, glass_columns_c, nicolae_lava_and_water,
          minmay_misc_feat_rugged
D:8:      layout_loops_ring, dpeg_oklobed_lair, grunt_ministairs_15,
          uniq_prince_ribbit1
Temple:   compressed_dpeg_circular_temple
Lair:1:   layout_regular_city, wad_woods_river_01, uniq_erica
Lair:2:   nzn_winding_woodlands_large [nzn_winding_woodlands_5x5_perimeter,
          nzn_winding_woodlands_5x15_eye, nzn_winding_woodlands_5x5_closed_star,
          nzn_winding_woodlands_center_diamonds,
          nzn_winding_woodlands_15x15_thick_spiral,
          nzn_winding_woodlands_center_lodge,
          nzn_winding_woodlands_5x5_open_star,
          nzn_winding_woodlands_5x15_parted, nzn_winding_woodlands_5x5_default],
          layout_small_grid, guppyfry_snake_entry_island, special_room
          [special_room_bee]

Skill      XL: |  1  2  3  4  5  6  7  8  9 10 11 |
---------------+----------------------------------+-----
Fighting       | 4 5 6 7 8 9 |  9.9
Axes           | 3 4 5 6 7 9 |  9.7
Armour         | 4 5 6 7 8 9 10 | 10.0
Dodging        | 1 2 3 4 5 |  5.0
Shields        | 4 5 6 7 8 9 |  9.9
Invocations    | 2 3 5 6 |  6.0
Evocations     | 2 3 5 |  5.6

Action                   |  1- 3 |  4- 6 |  7- 9 | 10-12 || total
-------------------------+-------+-------+-------+-------++-------
Melee: War axe           |    38 |   109 |   268 |   231 ||   646
       Headbutt          |     3 |    18 |    55 |    34 ||   110
       Hand axe          |       |       |    92 |       ||    92
Invok: Heroism           |       |       |     1 |     2 ||     3
Evoke: Wand              |       |       |     1 |    30 ||    31
  Use: Potion            |     1 |       |     5 |     4 ||    10
       Scroll            |       |       |    12 |     5 ||    17
Armor: Scale mail        |    18 |     6 |       |       ||    24
       Chain mail        |       |    71 |   146 |       ||   217
       Plate armour      |       |       |    70 |    88 ||   158
       Crystal plate arm |       |       |       |   292 ||   292
Dodge: Dodged            |    21 |    29 |   172 |   208 ||   430
Block: Buckler           |     7 |    26 |    87 |   123 ||   243
